 Dungeon Crawl Stone Soup version 0.30-b1-2-g02819fbbbe (webtiles) character file.

Game seed: 7873092108862362389

181 Alarkh the Shooter (level 5, 37/37 HPs)
             Began as a Demonspawn Hexslinger on July 8, 2023.
             Got out of the dungeon alive.
             The game lasted 00:04:22 (2585 turns).

Alarkh the Shooter (Demonspawn Hexslinger)          Turns: 2585, Time: 00:04:23

Health: 37/37      AC:  2    Str: 10 (11) XL:     5   Next: 34%
Magic:  6/6        EV: 12    Int: 16      God:
Gold:   155        SH:  0    Dex: 15      Spells: 5/6 levels left

rFire   . . .        a - +1 sling
rCold   . . .        (no shield)
rNeg    . . .        c - +0 robe
rPois   .            (no helmet)
rElec   .            (no cloak)
rCorr   .            (no gloves)
SInv    .            (no boots)
Will    .....        (no amulet)
Stlth   ++           (no ring)
HPRegen 0.26/turn    (no ring)
MPRegen 0.10/turn

%: no passive effects
@: no status effects
A: thin skeletal structure 1, foul stench 1, powered by pain 1
a: no special abilities


You escaped.
You visited 1 branch of the dungeon, and saw 4 of its levels.
You also visited: Sewer.

You collected 155 gold pieces.

Inventory:

Hand Weapons
 a - a +1 sling (weapon)
Armour
 c - a +0 robe (worn)
Jewellery
 e - an amulet of faith
 f - a ring of flight
Wands
 m - a wand of flame (11)
Scrolls
 b - a scroll of poison
 d - 2 scrolls of immolation
 g - a scroll of vulnerability {unknown}
 h - 2 scrolls of teleportation
 i - 2 scrolls of magic mapping
 l - a scroll of fog
 n - a scroll of fear
Potions
 j - 4 potions of heal wounds
 k - a potion of brilliance
 o - a potion of haste


   Skills:
 - Level 1.0 Fighting
 + Level 5.1 Ranged Weapons
 - Level 1.7 Dodging
 - Level 1.0 Spellcasting
 - Level 3.0 Hexes


You had 5 spell levels left.
You knew the following spells:

 Your Spells              Type           Power      Damage    Failure   Level
a - Slow                  Hex            40%        N/A       7%          1

Your spell library contained the following spells:

 Spells                   Type           Power      Damage    Failure   Level
 Inner Flame              Hex/Fire       5%         N/A       36%         3
 Portal Projectile        Hex/Tloc       10%        N/A       36%         3
 Cause Fear               Hex            5%         N/A       54%         4
 Ignite Poison            Fire/Tmut/Pois 0%         N/A       56%         3
 Spider Form              Tmut/Pois      0%         N/A       56%         3
 Stone Arrow              Conj/Erth      0%         3d7       56%         3
 Animate Armour           Summ/Erth      0%         N/A       92%         4
 Olgreb's Toxic Radiance  Pois           0%         N/A       92%         4
 Lehudib's Crystal Spear  Conj/Erth      0%         10d2      100%        8


Dungeon Overview and Level Annotations

Branches:
Dungeon (4/15)              Sewer (visited)
 Temple: D:4-7

Altars:
Xom

Shops:
D:1 :

Annotations:
D:4 Ijyb


Innate Abilities, Weirdness & Mutations

You have a somewhat thin skeletal structure. (Dex +2, Stealth+)
You may rarely emit foul miasma when damaged in melee.
You sometimes gain a little power by taking damage.


Message History

You feel yourself speed up.
You enter the shallow water.
Moving in this stuff is going to be slow.
You enter the shallow water.
Moving in this stuff is going to be slow.
There is a gate leading back out of this place here.
Welcome back to the Dungeon!
There is a collapsed entrance here.
You enter the shallow water.
Moving in this stuff is going to be slow.
You enter the shallow water.
Moving in this stuff is going to be slow.
You enter the shallow water.
Moving in this stuff is going to be slow.
You feel a little less mighty now.
You see here a river rat skeleton.
You enter the shallow water.
Moving in this stuff is going to be slow.
You enter the shallow water.
Moving in this stuff is going to be slow.
You see here an adder skeleton.
You enter the shallow water.
Moving in this stuff is going to be slow.
You enter the shallow water.
Moving in this stuff is going to be slow.
HP restored.
There is a stone staircase leading up here.
You climb upwards.
There is a stone staircase leading down here.
(D) Dungeon
Where to? (Enter - D:3 @ (x,y), ? - help)
What level of the Dungeon? (default 1, ? - help) HP restored.
There is an open door, spattered with blood here.
There is a stone staircase leading up here.
You climb upwards.
There is a stone staircase leading down here.
There is a staircase leading out of the dungeon here.
Are you sure you want to leave the Dungeon?
This will make you lose the game!
You have escaped!

##......#.##.##.# #.# #.....##
###.....#.#.##.##.# #.# #.....#
.......##.#.##.##.###.# ###.###
###.........##........# #.####
######.#######.....#.## #.....
........# ####.8.....# #.####
###.###.###≈≈≈.......## ###.####
#;#.#;#..##≈≈≈≈.......## #.......
#.#∩#.#..##>≈≈≈.@8..8..# #.......
#.#.#.#..##§§≈≈........###.......
###.###..##§§≈...................
.........#####.8......####.##....
###......# ##.....##.# #.###.#.
##.....# #.........# #.###.#.
##...## #.##.#.#.## #.......
######+## #.##.#.#.# #####.##
...# #.# #........# #.#


There were no monsters in sight!

Vanquished Creatures
  A kobold brigand (Sewer)
  4 adders
  2 river rats
  A worm (D:3)
  3 dart slugs
  2 ball pythons
  3 bats
  3 endoplasms (Sewer)
  3 giant cockroaches
  5 goblins
  5 hobgoblins
  3 jackals (D:1)
  A quokka (D:1)
  2 frilled lizards
  8 kobolds
  5 rats
51 creatures vanquished.

Notes
Turn   | Place    | Note
-------+----------+-------------------------------------------
     0 | D:1      | Alarkh the Demonspawn Hexslinger began the quest for the
                  | Orb.
     0 | D:1      | Reached XP level 1. HP: 15/15 MP: 2/2
    62 | D:1      | Noticed a walking earthen tome
    64 | D:1      | Found Cusorop's Book Emporium.
    66 | D:1      | Noticed a walking crystal tome
   139 | D:1      | Got the Meditations on the Tincture
   150 | D:1      | Reached skill level 2 in Ranged Weapons
   323 | D:1      | Gained mutation: You sometimes gain a little power by
                  | taking damage. [demonic ancestry]
   323 | D:1      | Reached XP level 2. HP: 14/21 MP: 3/3
   521 | D:1      | Reached skill level 3 in Ranged Weapons
   917 | D:2      | Found a shimmering altar of Xom.
  1012 | D:2      | Reached XP level 3. HP: 11/26 MP: 4/4
  1584 | D:2      | You fall into a shaft and drop 2 floors!
  1904 | D:4      | Noticed Ijyb
  2127 | D:3      | Reached skill level 4 in Ranged Weapons
  2127 | D:3      | Gained mutation: You have a somewhat thin skeletal
                  | structure. (Dex +2, Stealth+) [demonic ancestry]
  2127 | D:3      | Reached XP level 4. HP: 32/32 MP: 5/5
  2178 | D:3      | Found a glowing drain.
  2182 | Sewer    | Entered a sewer
  2430 | Sewer    | Noticed a kobold brigand
  2437 | Sewer    | Killed a kobold brigand
  2438 | Sewer    | Reached skill level 5 in Ranged Weapons
  2438 | Sewer    | Gained mutation: You may rarely emit foul miasma when
                  | damaged in melee. [demonic ancestry]
  2438 | Sewer    | Reached XP level 5. HP: 17/37 MP: 6/6
  2585 | D:$      | Got out of the dungeon alive.

Illustrated notes

Levels and vault maps discovered:
D:1:      grunt_arrival_lava_bath, layout_loops_corners, serial_shops,
          nicolae_shop_mannequins
D:2:      layout_basic, basic_altar, serial_forest,
          infiniplex_forest_lined_room_2, infiniplex_forest_straight_2,
          infiniplex_forest_straight_2, infiniplex_forest_lined_room_3,
          infiniplex_forest_lined_3
D:3:      layout_loops_ring, amcnicky_altar_gilded, gup_sewer_entry_spiral,
          serial_glass, glass_columns_a, glass_columns_a,
          minmay_shallow_snake_nest
D:4:      corexii_shantytown, layout_layer_cave,
          mainiacjoe_overflow_small_starburst, uniq_ijyb

Skill      XL: |  1  2  3  4 |
---------------+-------------+-----
Ranged Weapons | 2 3 4 5 |  5.1
Fighting       | |  1.0
Dodging        | |  1.7
Spellcasting   | |  1.0
Hexes          | |  3.0

Action                     |  1- 3 |  4- 6 || total
---------------------------+-------+-------++-------
   Fire: Sling             |   118 |    30 ||   148
  Evoke: Wand              |     2 |     5 ||     7
    Use: Potion            |     3 |     1 ||     4
         Scroll            |    10 |       ||    10
 Armour: Robe              |    11 |     3 ||    14
  Dodge: Dodged            |    53 |     2 ||    55
